 Dungeon Crawl Stone Soup version 0.20-a0-983-g35de22d (webtiles) character file.

6376 AlphabetPasta the Grappler (level 10, -5/91 HPs)
             Began as a Naga Transmuter on Apr 9, 2017.
             Slain by an orc warrior
             ... wielding a +0 battleaxe
              (11 damage)
             ... on level 9 of the Dungeon.
             The game lasted 01:03:45 (10696 turns).

AlphabetPasta the Grappler (Naga Transmuter)       Turns: 10696, Time: 01:03:45

Health: -5/91      AC: 10    Str: 13    XL:     10   Next: 97%
Magic:  27/27      EV: 10    Int: 20    God:
Gold:   302        SH:  0    Dex: 12    Spells: 8/20 levels left

rFire    . . .     SeeInvis +     - Unarmed
rCold    . . .     Gourm    .   (no shield)
rNeg     . . .     Faith    .   b - +0 robe
rPois    +         Spirit   .   (no helmet)
rElec    .         Reflect  .   D - +1 cloak
rCorr    .         Harm     .   (no gloves)
MR       +....                  t - +0 naga barding
Stlth    +.........             (no amulet)
Regen    0.3/turn               g - +4 ring of intelligence
MPRegen  0.2/turn               C - ring of magical power

@: lethally poisoned (-5 -> -31), very slow
A: see invisible, deformed body, poison resistance, slowness 2, slow metabolism
1, spit poison 1, AC +3
a: Spit Poison


You were on level 9 of the Dungeon.
You were not hungry.

You visited 2 branches of the dungeon, and saw 10 of its levels.

You collected 302 gold pieces.

Inventory:

Missiles
 a - 116 arrows
 x - 40 bolts
Armour
 b - a +0 robe (worn)
 t - a +0 naga barding (worn)
 D - a +1 cloak (worn)
Jewellery
 g - a +4 ring of intelligence (left hand)
 l - an uncursed ring of resist corrosion
 C - a ring of magical power (right hand)
Wands
 f - a wand of lightning (7/15)
 n - a wand of random effects (9/48)
 u - a wand of paralysis (20/24)
 w - a wand of flame (16/48)
 y - a wand of lightning (6/15)
Scrolls
 e - 8 scrolls of identify
 m - 2 scrolls of recharging
 o - 3 scrolls of teleportation
 q - a scroll of blinking
 r - 3 scrolls of remove curse
 v - 2 scrolls of enchant armour
Potions
 i - a potion of cancellation
 k - 2 potions of magic
 p - 2 potions of flight
 z - 4 potions of curing
 B - a potion of might
Books
 c - a book of Changes

   Spells                             Type                      Level
   a - Beastly Appendage              Transmutation                1
   b - Sticks to Snakes               Transmutation                2
   c - Spider Form                    Transmutation/Poison         3
   d - Ice Form                       Ice/Transmutation            4
   e - Blade Hands                    Transmutation                5
Comestibles
 d - 3 bread rations
 j - 6 meat rations
 s - 4 fruits


   Skills:
 + Level 5.9 Fighting
 + Level 5.0 Dodging
 * Level 9.0 Unarmed Combat
 + Level 5.5 Spellcasting
 - Level 3.0 Hexes
 - Level 2.0 Translocations
 * Level 8.2 Transmutations
 + Level 3.8 Poison Magic
 - Level 2.0 Evocations


You had 8 spell levels left.
You knew the following spells:

 Your Spells              Type           Power        Failure   Level  Hunger
a - Beastly Appendage     Tmut           #####.       1%          1    None
b - Sticks to Snakes      Tmut           #####...     1%          2    None
c - Spider Form           Tmut/Pois      ####......   3%          3    ##.....
d - Confusing Touch       Hex            ###...       3%          1    None
e - Apportation           Tloc           ##....       6%          1    None
f - Ice Form              Ice/Tmut       ###.....     21%         4    ####...


Dungeon Overview and Level Annotations

Branches:
Dungeon (9/15)             Temple (1/1) D:7             Orc (0/2) D:9
   Lair: D:8-11

Altars:
Ashenzari
Dithmenos
Elyvilon
Fedhas
Gozag
Hepliaklqana
Kikubaaqudgha
Makhleb
Nemelex Xobeh
Okawaru
Qazlal
Ru
Sif Muna
Trog
Uskayaw
Vehumet
Wu Jian
Xom
Yredelemnul
Zin
The Shining One

Shops:
D:4 }

Annotations:
D:9 Magifyre's ghost, journeyman TrFi


Innate Abilities, Weirdness & Mutations

You cannot wear boots.
Your serpentine skin is tough. (AC +3)
You have supernaturally acute eyesight. (SInv)
Armour fits poorly on your strangely shaped body.
Your system is resistant to poisons. (rPois)
You cover ground very slowly.
You have a slow metabolism.
You can spit poison.


Message History

You are lethally poisoned!
* * * LOW HITPOINT WARNING * * *
You feel very sick.
You kill the gnoll sergeant!
* * * LOW HITPOINT WARNING * * *
You feel very sick.
* * * LOW HITPOINT WARNING * * *
You feel very sick.
Your transformation has ended.
Your +1 cloak unmelds from your body.
Your +0 naga barding unmelds from your body.
Your +0 robe unmelds from your body.
* * * LOW HITPOINT WARNING * * *
You feel very sick.
* * * LOW HITPOINT WARNING * * *
You feel very sick.
* * * LOW HITPOINT WARNING * * *
You feel very sick.
The orc warrior hits you with a battleaxe!
You die...

######.## ###.......#
### #.........# ...
#..<....## ...
#.......... ##### #.#
#.......### #8.oo8#.#
#.).....#
#.ogo.#.######.......#
#ogOg.g)#.goo@.......#
#g#.############ #K#.#
#.#.# #gg)# #####


You could see 2 orc warriors and a gnoll sergeant.

Vanquished Creatures
  Erica (D:8)
  2 two-headed ogres
  Maurice (D:8)
  Joseph (D:7)
  Sigmund (D:3)
  2 ice beasts
  A black bear (D:6)
  3 orc warriors
  3 centaurs
  4 ogres
  3 big kobolds (D:9)
  Blork the orc (D:5)
  7 bullfrogs
  A gnoll sergeant (D:9)
  A water moccasin zombie (D:6)
  A wyvern skeleton (D:6)
  3 killer bees (D:8)
  A howler monkey (D:5)
  3 bullfrog zombies
  3 crimson imps
  5 centaur zombies
  A gnoll shaman (D:7)
  2 hounds
  9 orc priests
  6 orc wizards
  2 iguanas
  8 worker ants
  A killer bee zombie (D:8)
  A worker ant zombie (D:6)
  Robin (D:3)
  A howler monkey skeleton (D:6)
  7 adders
  7 gnolls
  2 shadow imps
  An adder skeleton (D:6)
  2 adder zombies
  6 worms
  2 dart slugs
  6 leopard geckos
  39 orcs
  5 bats
  10 giant cockroaches
  16 goblins
  6 hobgoblins
  22 jackals
  9 kobolds
  A quokka (D:2)
  A ball python (D:6)
  4 frilled lizards
  A jackal skeleton (D:5)
  A leopard gecko zombie (D:6)
  6 rats
  A spectral orc (D:7)
  A butterfly (D:5)
236 creatures vanquished.

Vanquished Creatures (collateral kills)
  An adder (D:3)
  An orc (D:5)
2 creatures vanquished.

Vanquished Creatures (others)
  A goblin (D:3)
  2 jackals (D:3)
3 creatures vanquished.

Grand Total: 241 creatures vanquished

Notes
Turn   | Place    | Note
-------+----------+-------------------------------------------
     0 | D:1      | AlphabetPasta the Naga Transmuter began the quest for the Orb.
     0 | D:1      | Reached XP level 1. HP: 18/18 MP: 3/3
   340 | D:1      | Reached XP level 2. HP: 20/25 MP: 5/5
   347 | D:1      | Learned a level 2 spell: Sticks to Snakes
   765 | D:1      | Reached XP level 3. HP: 25/31 MP: 3/6
  1074 | D:2      | Learned a level 3 spell: Spider Form
  1237 | D:2      | Reached XP level 4. HP: 38/38 MP: 5/7
  1660 | D:2      | Learned a level 1 spell: Confusing Touch
  1683 | D:2      | Found a deep blue altar of Sif Muna.
  2015 | D:3      | Noticed Sigmund
  2038 | D:3      | Killed Sigmund
  2038 | D:3      | Reached skill level 4 in Unarmed Combat
  2038 | D:3      | Reached skill level 1 in Poison Magic
  2038 | D:3      | Reached XP level 5. HP: 36/45 MP: 2/9
  2038 | D:3      | Reached XP level 6. HP: 41/52 MP: 2/10
  2466 | D:3      | Found a stormy altar of Qazlal.
  2669 | D:3      | Noticed Robin
  2698 | D:3      | Killed Robin
  3501 | D:3      | Learned a level 1 spell: Apportation
  3957 | D:4      | Found Heroqut's Gadget Emporium.
  4094 | D:4      | Found a white marble altar of Elyvilon.
  4094 | D:4      | Found a radiant altar of Vehumet.
  4209 | D:4      | Found a shadowy altar of Dithmenos.
  4471 | D:4      | Found a bloodstained altar of Trog.
  4659 | D:5      | Entered Level 5 of the Dungeon
  4812 | D:5      | Reached skill level 1 in Hexes
  4856 | D:5      | Reached XP level 7. HP: 51/61 MP: 5/11
  4874 | D:5      | Found a shimmering altar of Xom.
  4941 | D:5      | Found an ancient bone altar of Kikubaaqudgha.
  4941 | D:5      | Found a blossoming altar of Fedhas.
  5096 | D:5      | Noticed Blork the orc
  5107 | D:5      | Killed Blork the orc
  5531 | D:5      | Reached skill level 5 in Unarmed Combat
  5721 | D:5      | Learned a level 4 spell: Ice Form
  5750 | D:5      | Reached XP level 8. HP: 62/69 MP: 10/12
  6088 | D:5      | Reached skill level 5 in Transmutations
  6431 | D:6      | Reached skill level 6 in Unarmed Combat
  6725 | D:6      | Found a hazy altar of Hepliaklqana.
  6884 | D:6      | Reached XP level 9. HP: 77/78 MP: 11/14
  7709 | D:6      | Reached skill level 7 in Unarmed Combat
  7768 | D:7      | Found a sparkling altar of Nemelex Xobeh.
  7807 | D:7      | Noticed Joseph
  8065 | D:7      | Killed Joseph
  8077 | D:7      | Found a staircase to the Ecumenical Temple.
  8084 | Temple   | Entered the Ecumenical Temple
  8327 | D:7      | Reached skill level 1 in Evocations
  8583 | D:7      | Found a white marble altar of Elyvilon.
  8589 | D:7      | Noticed a two-headed ogre
  8611 | D:7      | Killed a two-headed ogre
  8611 | D:7      | Reached skill level 5 in Fighting
  8611 | D:7      | Reached XP level 10. HP: 88/88 MP: 13/17
  8892 | D:7      | Reached skill level 8 in Unarmed Combat
  9004 | D:7      | Found a basalt altar of Yredelemnul.
  9587 | D:8      | Noticed Maurice
  9597 | D:8      | Killed Maurice
  9597 | D:8      | Reached skill level 5 in Spellcasting
  9597 | D:8      | Reached skill level 1 in Translocations
 10143 | D:8      | Noticed Erica
 10151 | D:8      | Killed Erica
 10385 | D:9      | Noticed a two-headed ogre
 10413 | D:9      | Killed a two-headed ogre
 10433 | D:9      | Reached skill level 5 in Dodging
 10448 | D:9      | Noticed Magifyre's ghost (journeyman TrFi)
 10647 | D:9      | Reached skill level 9 in Unarmed Combat
 10664 | D:9      | Found a staircase to the Orcish Mines.
 10696 | D:9      | Slain by an orc warrior

Vault maps used:
D:1:      dpeg_arrival_arbitrary_c
D:2:      lemuel_blue_sif_altar, serial_glass, glass_columns_a, glass_columns_a
D:3:      grunt_qazlal_clouds, first_bread, item_on_display_a, uniq_robin,
          uniq_sigmund
D:4:      lemuel_round_altar, kennysheep_mini, gammafunk_temple_overflow_wave,
          serial_shops, shop
D:5:      grunt_temple_overflow_growth_and_decay, xom_butterflies,
          cheibrodos_sewer_entry_bend, uniq_blork_the_orc
D:6:      lemuel_crystal_altar, serial_undead, serial_undead_d, serial_undead_c,
          serial_undead_a, serial_undead_b, serial_undead_c, serial_undead_e
D:7:      yredelemnul_forgotten_temple_becter,
          nemelex_xobeh_ov_fountains_minmay, minmay_temple_entry_purple_smoke,
          elyvilon_altar_3, uniq_joseph
D:8:      uniq_erica, uniq_maurice
D:9:      nicolae_overflow_crystal_walls, kennysheep_orc_monster_closet_entryway
Temple:   compressed_dpeg_triangle_lava_temple

Skill      XL: |  1  2  3  4  5  6  7  8  9 10 |
---------------+-------------------------------+-----
Transmutations | 3 4 5 7 8 |  8.2
Dodging        | 2 3 4 5 |  5.0
Fighting       | 2 3 4 5 |  5.9
Unarmed Combat | 4 5 6 7 9 |  9.0
Poison Magic   | 1 3 |  3.8
Hexes          | 1 2 3 |  3.0
Spellcasting   | 3 4 5 |  5.5
Evocations     | 2 |  2.0
Translocations | 2 |  2.0

Action                   |  1- 3 |  4- 6 |  7- 9 | 10-12 || total
-------------------------+-------+-------+-------+-------++-------
Melee: Unarmed           |    47 |   296 |   351 |   179 ||   873
       Headbutt          |     4 |    30 |    40 |    11 ||    85
       Punch             |       |     1 |     1 |     1 ||     3
 Cast: Beastly Appendage |    10 |    38 |    27 |    10 ||    85
       Sticks to Snakes  |     1 |     5 |     1 |       ||     7
       Confusing Touch   |       |     2 |    25 |     2 ||    29
       Spider Form       |       |     1 |    18 |    13 ||    32
       Apportation       |       |     1 |       |       ||     1
 Abil: Spit Poison       |    24 |    68 |    30 |     8 ||   130
Evoke: Wand              |       |       |     3 |       ||     3
  Use: Scroll            |     2 |    12 |     3 |     1 ||    18
       Potion            |       |     1 |     1 |       ||     2
 Stab: Confused          |       |     2 |     6 |     2 ||    10
       Distracted        |       |       |     1 |       ||     1
       Sleeping          |       |       |     1 |       ||     1
  Eat: Meat ration       |     1 |       |       |       ||     1
       Chunk             |       |     9 |    13 |     5 ||    27
       Royal jelly       |       |     1 |       |     1 ||     2
       Fruit             |       |     1 |       |       ||     1
Armor: Robe              |     9 |    89 |    54 |    39 ||   191
       Skin              |       |       |     8 |     8 ||    16
Dodge: Dodged            |    19 |   140 |   230 |   163 ||   552
